MWL (24 & UNDER)
GRIM REAPERS @ BARRY'S BAY ORIOLES
04/09/2030
 
TOP OF THE 1ST
Grim Reapers batting - Pitching for Barry's Bay Orioles : RHP Santiago Noriega
Pitching: RHP Santiago Noriega
Batting: RHB Arturo Franco 0-0: Foul Ball, location: 2F
0-1: Ball
1-1: Ball
2-1: Fly out, F7 (Flyball, 7)
Batting: RHB Pedro López 0-0: DOUBLE (Line Drive, 7LM)
Batting: RHB Phil Martin 0-0: Ball
1-0: Called Strike
1-1: Ball
2-1: Foul Ball, location: 2F
2-2: Ball
3-2: Foul Ball, location: 2F
3-2: Ground out 6-3 (Groundball, 6)
Pedro López to third
Batting: RHB Ramón Sánchez 0-0: Called Strike
0-1: Ground out 4-3 (Groundball, 4M)
Top of the 1st over - 0 runs, 1 hit, 0 errors, 1 left on base; Grim 0 - Barry's Bay 0
BOTTOM OF THE 1ST
Barry's Bay Orioles batting - Pitching for Grim Reapers : RHP Sergio Hernández
Pitching: RHP Sergio Hernández
Batting: RHB Ronnie Starr 0-0: Ball
1-0: Ball
2-0: Ball
3-0: Called Strike
3-1: Called Strike
3-2: Ground out 4-3 (Groundball, 4)
Batting: LHB Vito Ramírez 0-0: Ground out 6-3 (Groundball, 6M)
Batting: RHB Marcos Pérez 0-0: Ball
1-0: Swinging Strike
1-1: Ball
2-1: Ball
3-1: Base on Balls
Batting: LHB Nicholas Morgan 0-0: Called Strike
0-1: Ball
1-1: Ball
2-1: Ball
3-1: Foul Ball, location: 2F
3-2: Ground out 6-3 (Groundball, 6M)
Bottom of the 1st over - 0 runs, 0 hits, 0 errors, 1 left on base; Grim 0 - Barry's Bay 0
TOP OF THE 2ND
Grim Reapers batting - Pitching for Barry's Bay Orioles : RHP Santiago Noriega
Batting: RHB Joel Hebert 0-0: Foul Ball, location: 2F
0-1: Ball
1-1: Called Strike
1-2: Ground out 5-3 (Groundball, 56S)
Batting: SHB Luis Sotelo 0-0: Ball
1-0: Ball
2-0: Ball
3-0: Called Strike
3-1: Called Strike
3-2: Base on Balls
Batting: LHB Jesús Rojas 0-0: Swinging Strike
0-1: SINGLE (Line Drive, 89M)
Luis Sotelo to second
Batting: SHB Frank Grant 0-0: Called Strike
Luis Sotelo steals 3rd base
0-1: Foul Ball, location: 2F
0-2: Foul Ball, location: 2F
0-2: Fly out, F6 (Line Drive, 6)
Batting: RHB Sandro Hernández 0-0: Ball
1-0: Called Strike
1-1: Called Strike
1-2: Ball
2-2: Ball
3-2: Fly out, F9 (Flyball, 9)
Top of the 2nd over - 0 runs, 1 hit, 0 errors, 2 left on base; Grim 0 - Barry's Bay 0
BOTTOM OF THE 2ND
Barry's Bay Orioles batting - Pitching for Grim Reapers : RHP Sergio Hernández
Batting: SHB Juan Morales 0-0: Ball
1-0: Called Strike
1-1: DOUBLE (Flyball, 89D)
Batting: LHB Pancho Hernández 0-0: Foul Ball, location: 2F
0-1: Swinging Strike
0-2: Strikes out swinging
Batting: LHB Dave Sanders 0-0: Ball
1-0: Called Strike
1-1: Ground out 6-3 (Groundball, 6)
Batting: LHB Javier Soto 0-0: Ball
1-0: SINGLE (Groundball, 4MD)
Juan Morales to third
Runner from 3rd tries for Home, SAFE, no throw
Batting: SHB Dan Morse 0-0: Swinging Strike
0-1: Ball
1-1: Ball
2-1: DOUBLE (Line Drive, 9LM)
Javier Soto to third
Runner from 3rd tries for Home, SAFE, throw made at trailing runner, OUT at third!
Bottom of the 2nd over - 2 runs, 3 hits, 0 errors, 0 left on base; Grim 0 - Barry's Bay 2
TOP OF THE 3RD
Grim Reapers batting - Pitching for Barry's Bay Orioles : RHP Santiago Noriega
Batting: RHB Arturo Franco 0-0: Ball
1-0: Ball
2-0: Fly out, F9 (Flyball, 89M)
Batting: RHB Pedro López 0-0: Ball
1-0: SINGLE (Line Drive, 6M)
Batting: RHB Phil Martin 0-0: Ball
1-0: Ball
2-0: Foul Ball, location: 2F
2-1: Grounds into double play, 1-6-3 (Groundball, P)
Top of the 3rd over - 0 runs, 1 hit, 0 errors, 0 left on base; Grim 0 - Barry's Bay 2
BOTTOM OF THE 3RD
Barry's Bay Orioles batting - Pitching for Grim Reapers : RHP Sergio Hernández
Batting: RHB Ronnie Starr 0-0: Foul Ball, location: 2F
0-1: Ball
1-1: Ball
2-1: Foul Ball, location: 2F
2-2: Ball
3-2: Base on Balls
Batting: LHB Vito Ramírez 0-0: Ball
1-0: Ground out 5-3 (Groundball, 56S)
Ronnie Starr to second
Batting: RHB Marcos Pérez 0-0: Ball
1-0: Foul Ball, location: 2F
1-1: SINGLE (Groundball, 4MD)
Ronnie Starr to third
Runner from 3rd tries for Home, SAFE, no throw
Batting: LHB Nicholas Morgan 0-0: Ball
1-0: Foul Ball, location: 2F
1-1: Ball
2-1: Called Strike
2-2: Foul Ball, location: 2F
2-2: Strikes out looking
Batting: SHB Juan Morales 0-0: Called Strike
0-1: Called Strike
0-2: Strikes out looking
Bottom of the 3rd over - 1 run, 1 hit, 0 errors, 1 left on base; Grim 0 - Barry's Bay 3
TOP OF THE 4TH
Grim Reapers batting - Pitching for Barry's Bay Orioles : RHP Santiago Noriega
Batting: RHB Ramón Sánchez 0-0: Called Strike
0-1: SINGLE (Groundball, 6D)
Batting: RHB Joel Hebert 0-0: Ball
1-0: Ball
2-0: Called Strike
2-1: Ball
3-1: Base on Balls
Ramón Sánchez to second
Batting: SHB Luis Sotelo 0-0: Fly out, F4 (Popup, 13)
Batting: LHB Jesús Rojas 0-0: 3-RUN HOME RUN (Flyball, 7D), Distance : 356 ft
Batting: SHB Frank Grant 0-0: Swinging Strike
0-1: Swinging Strike
0-2: Ball
1-2: Ball
2-2: SINGLE (Line Drive, 78S)
Batting: RHB Sandro Hernández 0-0: Foul Ball, location: 2F
0-1: Foul Ball, location: 2F
0-2: Strikes out swinging
Batting: RHB Arturo Franco 0-0: Ball
1-0: Fly out, F8 (Flyball, 8RD)
Top of the 4th over - 3 runs, 3 hits, 0 errors, 1 left on base; Grim 3 - Barry's Bay 3
BOTTOM OF THE 4TH
Barry's Bay Orioles batting - Pitching for Grim Reapers : RHP Sergio Hernández
Batting: LHB Pancho Hernández 0-0: Swinging Strike
0-1: Called Strike
0-2: Foul Ball, location: 2F
0-2: Foul Ball, location: 2F
0-2: Strikes out swinging
Batting: LHB Dave Sanders 0-0: Ball
1-0: Foul Ball, location: 2F
1-1: Reached on error, E4 (Groundball, 4M)
Batting: LHB Javier Soto 0-0: Called Strike
0-1: Ball
1-1: Foul Ball, location: 2F
1-2: Fly out, F9 (Flyball, 89S)
Batting: SHB Dan Morse 0-0: Ball
1-0: Ball
2-0: Ball
Wild Pitch!
Dave Sanders to second
3-0: Base on Balls
Batting: RHB Ronnie Starr 0-0: Called Strike
0-1: SINGLE (Groundball, 56D)
Dave Sanders to third
Dan Morse to second
Throwing error, E7
Dave Sanders scores
Dan Morse to third
Ronnie Starr to second
Batting: LHB Vito Ramírez 0-0: Swinging Strike
0-1: Swinging Strike
0-2: Strikes out looking
Bottom of the 4th over - 1 run, 1 hit, 2 errors, 2 left on base; Grim 3 - Barry's Bay 4
TOP OF THE 5TH
Grim Reapers batting - Pitching for Barry's Bay Orioles : RHP Santiago Noriega
Batting: RHB Pedro López 0-0: Ground out 5-3 (Groundball, 56S)
Batting: RHB Phil Martin 0-0: Ball
1-0: Ball
2-0: Ball
3-0: Called Strike
3-1: Base on Balls
Batting: RHB Ramón Sánchez 0-0: Called Strike
0-1: Foul Ball, location: 2F
0-2: Ball
1-2: Ball
2-2: DOUBLE (Flyball, 78D)
Phil Martin to third
Batting: RHB Joel Hebert 0-0: Called Strike
0-1: Swinging Strike
0-2: Ball
1-2: Fly out, F7 (Flyball, 7S)
Runner from 3rd tags up, SCORES, throw made
Pitching: RHP Gianfranco Confalonieri
Batting: SHB Luis Sotelo 0-0: Called Strike
0-1: Foul Ball, location: 2F
0-2: Strikes out looking
Top of the 5th over - 1 run, 1 hit, 0 errors, 1 left on base; Grim 4 - Barry's Bay 4
BOTTOM OF THE 5TH
Barry's Bay Orioles batting - Pitching for Grim Reapers : RHP Sergio Hernández
Batting: RHB Marcos Pérez 0-0: Ball
1-0: Ball
2-0: Foul Ball, location: 2F
2-1: Ball
3-1: Base on Balls
Batting: LHB Nicholas Morgan 0-0: Ball
1-0: Swinging Strike
1-1: Called Strike
1-2: Grounds into double play, 6-4-3 (Groundball, 6)
Batting: SHB Juan Morales 0-0: Ball
1-0: Called Strike
1-1: Ball
2-1: Foul Ball, location: 2F
2-2: Fly out, F8 (Flyball, 78D)
Bottom of the 5th over - 0 runs, 0 hits, 0 errors, 0 left on base; Grim 4 - Barry's Bay 4
TOP OF THE 6TH
Grim Reapers batting - Pitching for Barry's Bay Orioles : RHP Gianfranco Confalonieri
Batting: LHB Jesús Rojas 0-0: Foul Ball, location: 2F
0-1: Swinging Strike
0-2: Strikes out swinging
Batting: SHB Frank Grant 0-0: Swinging Strike
0-1: Ball
1-1: Ball
2-1: Swinging Strike
2-2: Foul Ball, location: 2F
2-2: Foul Ball, location: 2F
2-2: Foul Ball, location: 2F
2-2: Ground out 5-3 (Groundball, 56)
Batting: RHB Sandro Hernández 0-0: Ball
1-0: Swinging Strike
1-1: Called Strike
1-2: Strikes out swinging
Top of the 6th over - 0 runs, 0 hits, 0 errors, 0 left on base; Grim 4 - Barry's Bay 4
BOTTOM OF THE 6TH
Barry's Bay Orioles batting - Pitching for Grim Reapers : RHP Sergio Hernández
Batting: LHB Pancho Hernández 0-0: Fly out, F5 (Popup, 25F)
Batting: LHB Dave Sanders 0-0: SINGLE (Line Drive, 7S)
Batting: LHB Javier Soto 0-0: Ball
1-0: Called Strike
1-1: Swinging Strike
1-2: Strikes out swinging
Batting: SHB Dan Morse 0-0: Called Strike
0-1: Ball
1-1: Swinging Strike
1-2: Ball
2-2: Strikes out swinging
Bottom of the 6th over - 0 runs, 1 hit, 0 errors, 1 left on base; Grim 4 - Barry's Bay 4
TOP OF THE 7TH
Grim Reapers batting - Pitching for Barry's Bay Orioles : RHP Gianfranco Confalonieri
Batting: RHB Arturo Franco 0-0: Called Strike
0-1: Swinging Strike
0-2: Strikes out looking
Batting: RHB Pedro López 0-0: Called Strike
0-1: Foul Ball, location: 2F
0-2: Ball
1-2: Ball
2-2: SINGLE (Line Drive, 7LS)
Batting: RHB Phil Martin 0-0: Ball
1-0: Called Strike
1-1: Called Strike
1-2: Ball
2-2: Ball
3-2: Strikes out looking
Pedro López steals 2nd base
Batter strikes out.
Batting: RHB Ramón Sánchez 0-0: Ball
1-0: Ball
2-0: Ball
3-0: Foul Ball, location: 2F
3-1: Foul Ball, location: 2F
3-2: Strikes out looking
Top of the 7th over - 0 runs, 1 hit, 0 errors, 1 left on base; Grim 4 - Barry's Bay 4
BOTTOM OF THE 7TH
Barry's Bay Orioles batting - Pitching for Grim Reapers : RHP Sergio Hernández
Pitching: RHP Roger Coulombe
Batting: RHB Ronnie Starr 0-0: Ball
1-0: Called Strike
1-1: DOUBLE (Line Drive, 7LD)
Batting: LHB Vito Ramírez 0-0: Called Strike
0-1: Ball
1-1: Ball
2-1: SINGLE (Line Drive, 7LS)
Ronnie Starr to third
Runner from 3rd tries for Home, SAFE, no throw
Batting: RHB Marcos Pérez 0-0: Foul Ball, location: 2F
0-1: Ball
1-1: Ball
2-1: Foul Ball, location: 2F
2-2: Foul Ball, location: 2F
2-2: Fly out, F9 (Flyball, 9D)
Batting: LHB Nicholas Morgan 0-0: Ball
1-0: Called Strike
1-1: Foul Ball, location: 2F
1-2: Ground out U3 (Groundball, 3)
Vito Ramírez to second
Batting: SHB Juan Morales 0-0: Swinging Strike
0-1: Fly out, F8 (Flyball, 8RM)
Bottom of the 7th over - 1 run, 2 hits, 0 errors, 1 left on base; Grim 4 - Barry's Bay 5
TOP OF THE 8TH
Grim Reapers batting - Pitching for Barry's Bay Orioles : RHP Gianfranco Confalonieri
Batting: RHB Joel Hebert 0-0: Foul Ball, location: 2F
0-1: Ball
1-1: Ball
2-1: Ball
3-1: Swinging Strike
3-2: Ground out 5-3 (Groundball, 56S)
Batting: SHB Luis Sotelo 0-0: Foul Ball, location: 2F
0-1: SINGLE (Groundball, 56) (infield hit)
Pitching: LHP Mario García
Batting: LHB Jesús Rojas 0-0: Ball
1-0: Ball
2-0: Ball
3-0: Base on Balls
Luis Sotelo to second
Pitching: RHP De-wei Hung
Batting: SHB Frank Grant 0-0: Ball
1-0: Called Strike
1-1: Swinging Strike
1-2: Strikes out looking
Batting: RHB Sandro Hernández 0-0: Called Strike
0-1: Called Strike
0-2: Strikes out swinging
Top of the 8th over - 0 runs, 1 hit, 0 errors, 2 left on base; Grim 4 - Barry's Bay 5
BOTTOM OF THE 8TH
Barry's Bay Orioles batting - Pitching for Grim Reapers : RHP Roger Coulombe
Batting: LHB Pancho Hernández 0-0: Foul Ball, location: 2F
0-1: Ball
1-1: Ball
2-1: Ball
3-1: Foul Ball, location: 2F
3-2: Strikes out swinging
Batting: LHB Dave Sanders 0-0: Ball
1-0: Ball
2-0: Ground out 3-1 (Groundball, 34)
Batting: LHB Javier Soto 0-0: Ball
1-0: Called Strike
1-1: Called Strike
1-2: Ball
2-2: Ball
3-2: Base on Balls
Pinch Hitting: LHB Jerry Koch 0-0: Ball
1-0: Swinging Strike
1-1: SINGLE (Line Drive, 7S)
Javier Soto to second
Batting: RHB Ronnie Starr 0-0: Called Strike
0-1: Foul Ball, location: 2F
0-2: Ball
1-2: Ball
2-2: Ground out 2-3 (Groundball, 15S)
Bottom of the 8th over - 0 runs, 1 hit, 0 errors, 2 left on base; Grim 4 - Barry's Bay 5
TOP OF THE 9TH
Grim Reapers batting - Pitching for Barry's Bay Orioles : RHP De-wei Hung
Pitching: RHP Carlos López
Now at SS: Jerry Koch
Pinch Hitting: LHB Marcos Fontanez 0-0: Ball
1-0: SINGLE (Line Drive, 8LS)
Pinch Runner at 1st Chris Jackson:
Batting: RHB Pedro López 0-0: Ball
1-0: Ball
2-0: SINGLE (Line Drive, 7LM)
Chris Jackson to second
Batting: RHB Phil Martin 0-0: Ball
1-0: Called Strike
1-1: Ball
2-1: Called Strike
2-2: Strikes out swinging
Batting: RHB Ramón Sánchez 0-0: Called Strike
0-1: Grounds into double play, 6-4-3 (Groundball, 6)
Top of the 9th over - 0 runs, 2 hits, 0 errors, 1 left on base; Grim 4 - Barry's Bay 5
Saturday, April 7th, 2018 - OOTP Baseball 18.8 Build 76